 Dungeon Sprint DCSS version 0.31-a0-7-g51783674b7 (webtiles) character file.

Game seed: 13263937826505526673

107 sircluck the Trooper (level 4, -6/47 HPs)
             Began as a Hill Orc Fighter on May 5, 2023.
             Mangled by Sigmund
             ... wielding a +3 scythe of venom
              (8 damage)
             ... in the Dungeon (Sprint I: "Red Sonja").
             The game lasted 00:00:45 (207 turns).

sircluck the Trooper (Hill Orc Fighter)              Turns: 207, Time: 00:00:45

Health: -6/47      AC:  7    Str: 20    XL:     4   Next: 86%
Magic:  4/4        EV:  9    Int:  8    God:
Gold:   54         SH:  5    Dex: 10    Spells: 3/3 levels left

rFire   . . .        a - +0 war axe
rCold   . . .        c - +0 buckler
rNeg    . . .        b - +0 scale mail
rPois   .            (no helmet)
rElec   .            (no cloak)
rCorr   .            (no gloves)
SInv    .            (no boots)
Will    .....        (no amulet) Stlth
                     (no ring)
HPRegen 0.27/turn    (no ring)
MPRegen 0.09/turn

%: no teleportation
@: no status effects
A: no striking features
a: no special abilities


You were in the Dungeon.
You visited 1 branch You collected 54 gold pieces.

Inventory:

Hand Weapons
 a - a +0 war axe (weapon)
Armour
 b - a +0 scale mail (worn)
 c - a +0 buckler (worn)
Wands
 k - a wand of digging (6)
Scrolls
 j - a scroll of blinking
Potions
 d - a potion of might
 g - a potion of haste
 h - 2 potions of magic


   Skills:
 + Level 7.0 Fighting
 + Level 4.9 Axes
 + Level 6.5 Armour
 + Level 6.0 Shields


You had 3 spell levels left.
You didn't know any spells.
Your spell library was empty.

Dungeon Overview and Level Annotations

Branches:
Dungeon (1/1)

Altars:

Annotations:
D Sigmund


Message History

No target in view!
No target in view!
No target in view!
No target in view!
No target in view!
You hit something. Something hits you.
You miss something. Something hits you.
You are poisoned.
You closely miss something.
You feel very sick. Something hits you but does no damage.
You are more poisoned.
You miss something.
You feel very sick. You block something's attack.
You hit something.
You feel very sick.
You hear some strange, mumbled words.
A magic dart appears from out of thin air!
The magic dart hits you.
You hit something.
You feel sick. Something hits you!
* * * LOW HITPOINT WARNING * * *
You are lethally poisoned!
You hit something.
* * * LOW HITPOINT WARNING * * *
You feel very sick.
You hear some strange, mumbled words.
A magic dart appears from out of thin air!
The magic dart hits you.
* * * LOW HITPOINT WARNING * * *
You feel better.
You hear some strange, mumbled words.
A magic dart appears from out of thin air!
The magic dart hits you!
* * * LOW HITPOINT WARNING * * *
You hit something. Something hits you!
* * * LOW HITPOINT WARNING * * *
You hit something. Something completely misses you.
You miss something. Something hits you!
You die...

#############
#<.#..'..#..+
#..').#..@{.#
#..#####'####
#..# #..#
#..# ####
#.)# #⌠⌠#
####


There were no monsters in sight!

Vanquished Creatures
  An ogre (D)
  Ijyb (D)
2 creatures vanquished.

Notes
Turn   | Place    | Note
-------+----------+-------------------------------------------
     0 | D        | sircluck the Hill Orc Fighter began the quest for the Orb.
     0 | D        | Reached XP level 1. HP: 19/19 MP: 1/1
     1 | D        | Noticed Ijyb
    19 | D        | Killed Ijyb
    20 | D        | Reached skill level 5 in Fighting
    20 | D        | Reached XP level 2. HP: 18/29 MP: 2/2
    20 | D        | Reached XP level 3. HP: 23/36 MP: 3/3
    24 | D        | Noticed an ogre
    41 | D        | Killed an ogre
    42 | D        | Reached skill level 7 in Fighting
    42 | D        | Reached XP level 4. HP: 11/47 MP: 4/4
   195 | D        | Noticed Sigmund
   205 | D        | HP: 1/47 [something (9)]
   207 | D        | Mangled by Sigmund

Illustrated notes

Levels and vault maps discovered:
D:        dungeon_sprint_1 [red_sonja_temple_1, red_sonja_temple_small_1]

Skill      XL: |  1  2  3 |
---------------+----------+-----
Fighting       | 5 7 |  7.0
Axes           | 3 4 |  4.9
Armour         | 4 6 |  6.5
Shields        | 4 6 |  6.0

Action                     |  1- 3 |  4- 6 || total
---------------------------+-------+-------++-------
  Melee: War axe           |    21 |    10 ||    31
    Use: Potion            |     2 |     1 ||     3
 Armour: Scale mail        |     8 |     1 ||     9
  Dodge: Dodged            |     5 |     1 ||     6
  Block: Buckler           |     4 |     1 ||     5

Table legend: (Time is in decaauts)
 A = Elapsed time spent in this place.
 B = Non-inter-level travel time spent in this place.
 C = Inter-level travel time spent in this place.
 D = Time resting spent in this place.
 E = Time spent auto-exploring this place.
 F = Levels seen in this place.
 G = Mean time per level.
                   A        B        C        D        E       F      G
               +--------+--------+--------+--------+--------+-----+--------+
         Total |    228 |    228 |      0 |    145 |     19 |   1 |  228.0 |
       Dungeon |    228 |    228 |      0 |    145 |     19 |   1 |  228.0 |
               +--------+--------+--------+--------+--------+-----+--------+

Top non-repeatable levels by time:
       D: 228 daAuts
